 Dungeon Crawl Stone Soup version 0.30-a0-172-gc5509c9e31 (webtiles) character file.

Game seed: 5173068034806642284

115 qw the Chopper (level 5, -2/32 HPs)
             Began as a Gargoyle Fighter on Oct 1, 2022.
             Constricted to death by Ijyb (6 damage)
             ... on level 3 of the Dungeon.
             The game lasted 00:00:53 (1798 turns).

qw the Chopper (Gargoyle Fighter)                   Turns: 1798, Time: 00:00:54

Health: -2/32      AC: 14    Str: 22    XL:     5   Next: 0%
Magic:  5/5        EV:  6    Int:  8    God:
Gold:   186        SH:  4    Dex:  9    Spells: 4/4 levels left

rFire   . . .      SeeInvis .    Y - +0 war axe
rCold   . . .      Faith    .    c - +0 buckler
rNeg    + . .      Spirit   .    b - +0 scale mail
rPois   inf        Reflect  .    (no helmet)
rElec   +          Harm     .    (no cloak)
rCorr   .          Rampage  .    (no gloves)
Will    .....                    (no boots)
Stlth   ..........               (no amulet)
HPRegen 0.25/turn                e - +4 ring of protection
MPRegen 0.09/turn                (no ring)

@: grasped by roots, constricted
A: sickness immunity, AC +4, negative energy resistance 1, electricity
resistance, torment resistance 1, petrification resistance
a: no special abilities


You were on level 3 of the Dungeon.
You visited 1 branch of the dungeon, and saw 3 of its levels.

You collected 186 gold pieces.


Innate Abilities, Weirdness & Mutations

You are immune to sickness and miasma.
Your stone body is resilient. (AC +4)
You are immune to poison.
You resist negative energy. (rN+)
You are resistant to electric shocks. (rElec)
You are resistant to unholy torment.
You are immune to petrification.


   Skills:
 - Level 3.2 Fighting
 + Level 4.5 Axes
 - Level 3.2 Armour
 - Level 3.2 Shields


You had 4 spell levels left.
You didn't know any spells.
Your spell library was empty.

Inventory:

Hand Weapons
 h - a +0 mace
 Y - a +0 war axe (weapon)
Missiles
 r - 4 silver boomerangs (quivered)
Armour
 b - a +0 scale mail (worn)
 c - a +0 buckler (worn)
Jewellery
 e - a +4 ring of protection (left hand)
Scrolls
 a - a scroll of identify
 j - 2 scrolls of blinking {unknown}
 m - a scroll of enchant armour
 p - a scroll of noise {unknown}
Potions
 d - 3 potions of might
 f - a potion of attraction
 g - a potion of haste
 i - a potion of resistance
 k - 2 potions of curing
 l - a potion of heal wounds {unknown}
 n - a potion of berserk rage {unknown}
 o - a potion of ambrosia {unknown}

Dungeon Overview and Level Annotations

Branches:
Dungeon (3/15)

Altars:
Dithmenos
Elyvilon
Nemelex Xobeh
Qazlal
Sif Muna

Annotations:
D:3 2 transporters, Ijyb; qw's ghost, amateur GrFi


Message History

You hit Ijyb but do no damage.
Ijyb is heavily wounded.
Ijyb hits you but does no damage.
You hit Ijyb but do no damage.
Ijyb is heavily wounded.
You block Ijyb's attack.
You hit Ijyb but do no damage.
Ijyb is heavily wounded.
Ijyb zaps a wand.
The roots erupt in riotous growth!
The grasping roots grab you!
Ijyb is unaffected.
The grasping roots constrict you. Ijyb hits you but does no damage.
The grasping roots constrict you.
You barely miss Ijyb.
Ijyb is heavily wounded.
You hear the brisk rusting of a very distant drain.
Ijyb hits you but does no damage. The grasping roots constrict you.
You closely miss Ijyb.
Ijyb is heavily wounded.
Ijyb closely misses you. The grasping roots constrict you.
You hit Ijyb but do no damage.
Ijyb is heavily wounded.
Ijyb hits you but does no damage. The grasping roots constrict you.
You block Ijyb's attack. The grasping roots constrict you.
The grasping roots release their grip on you.
You slash Ijyb!
Ijyb is severely wounded.
Ijyb completely misses you.
You completely miss Ijyb.
Ijyb is severely wounded.
Ijyb zaps a wand.
The roots erupt in riotous growth!
The grasping roots grab you!
Ijyb is unaffected.
The grasping roots constrict you.
You barely miss Ijyb.
Ijyb is severely wounded.
Ijyb hits you but does no damage. The grasping roots constrict you!
Ijyb hits you but does no damage. The grasping roots constrict you.
You hit Ijyb.
Ijyb is almost dead.
Ijyb hits you but does no damage. The grasping roots constrict you.
You die...

#.#..###.#.##.........#
#...........##.##...###
###.........##.##....#
#..######.##.#####.#
#...### .##+# #.#
#.....# .. 8.# #...#.#
.. ##### #..##.# #.
#.#.#@# ####.
#.###g.)...... +.... ##
#.####..... ####. #)#
.... #### #. ... #... #
## # #### #_# # ...8###
....##.


You could see Ijyb.

Vanquished Creatures
  4 adders
  A worm (D:2)
  4 dart slugs
  3 orcs
  2 endoplasms
  A giant cockroach (D:1)
  13 goblins
  3 hobgoblins
  4 quokkas
  10 ball pythons
  5 bats
  4 frilled lizards (D:1)
  4 kobolds
  6 rats
64 creatures vanquished.

Notes
Turn   | Place    | Note
-------+----------+-------------------------------------------
     0 | D:1      | qw the Gargoyle Fighter began the quest for the Orb.
     0 | D:1      | Reached XP level 1. HP: 14/14 MP: 1/1
     0 | D:1      | 0 ||| qw: Version: 0.2-a-13-gfc7b4b4
     0 | D:1      | 0 ||| qw: Game counter: 1797
     0 | D:1      | 0 ||| qw: Always use a shield: true
     0 | D:1      | 0 ||| qw: God list: Okawaru
     0 | D:1      | 0 ||| qw: Allow faded altars: false
     0 | D:1      | 0 ||| qw: Do Orc after D:15 true
     0 | D:1      | 0 ||| qw: Do second Lair branch before Depths: true
     0 | D:1      | 0 ||| qw: Lair rune preference: random
     0 | D:1      | 0 ||| qw: Plans: Normal, Zot:1-4, God:TSO, Crypt, Tomb,
                  | Pan, Slime:5, Hells, Abyss, Orb
     0 | D:1      | 0 ||| PLANNING D:1-11
    37 | D:1      | Reached skill level 2 in Axes
    72 | D:1      | 72 ||| Stepping ~*~*~tactically~*~*~ (stealth).
    88 | D:1      | 88 ||| Stepping ~*~*~tactically~*~*~ (stealth).
    92 | D:1      | 92 ||| Stepping ~*~*~tactically~*~*~ (stealth).
    98 | D:1      | Reached XP level 2. HP: 14/19 MP: 2/2
   188 | D:1      | 188 ||| Stepping ~*~*~tactically~*~*~ (hiding).
   259 | D:1      | Reached skill level 3 in Axes
   281 | D:1      | 281 ||| Stepping ~*~*~tactically~*~*~ (stealth).
   282 | D:1      | 282 ||| Stepping ~*~*~tactically~*~*~ (stealth).
   287 | D:1      | Reached XP level 3. HP: 23/23 MP: 3/3
   341 | D:1      | 341 ||| Stepping ~*~*~tactically~*~*~ (stealth).
   721 | D:1      | Found a faded altar of an unknown god.
   722 | D:1      | 722 ||| UPGRADING to +4 ring of protection.
   723 | D:1      | 723 ||| READING 4 scrolls labelled ZASUEH ADOTY.
   724 | D:1      | 724 ||| READING scroll labelled NUALAO ROEG.
   725 | D:1      | 725 ||| READING 3 scrolls of identify.
   725 | D:1      | 725 ||| IDENTIFYING metallic inky potion
   726 | D:1      | 726 ||| READING 2 scrolls of identify.
   726 | D:1      | 726 ||| IDENTIFYING bubbling amethyst potion
   773 | D:2      | 773 ||| Stepping ~*~*~tactically~*~*~ (stealth).
   826 | D:2      | Reached XP level 4. HP: 28/28 MP: 4/4
   904 | D:2      | Reached skill level 4 in Axes
   947 | D:2      | 947 ||| Stepping ~*~*~tactically~*~*~ (stealth).
  1273 | D:2      | 1273 ||| READING scroll labelled DIOGIH FUACERAWAIZ.
  1274 | D:2      | 1274 ||| READING 3 scrolls labelled AXIYQA CAR.
  1275 | D:2      | 1275 ||| READING 2 scrolls labelled JUADGH FERALU.
  1276 | D:2      | 1276 ||| READING scroll labelled WYCALI SODGHU.
  1277 | D:2      | 1277 ||| READING scroll labelled ATYMUP CIERADO.
  1278 | D:2      | 1278 ||| DRINKING 2 fuming grey potions.
  1279 | D:2      | 1279 ||| READING 2 scrolls of identify.
  1279 | D:2      | 1279 ||| IDENTIFYING fuming dark potion
  1280 | D:2      | 1280 ||| DROPPING 2 scrolls of fear.
  1281 | D:2      | 1281 ||| DROPPING scroll of poison.
  1304 | D:3      | 1304 ||| PLANNING SEWER
  1423 | D:3      | Found a stormy altar of Qazlal.
  1425 | D:3      | Found a sparkling altar of Nemelex Xobeh.
  1579 | D:3      | Found a transporter.
  1635 | D:3      | Found Wefeal's Jewellery Shop.
  1658 | D:3      | 1658 ||| Stepping ~*~*~tactically~*~*~ (stealth).
  1686 | D:3      | Found a transporter.
  1691 | D:3      | Noticed qw's ghost (amateur GrFi)
  1703 | D:3      | Found a shimmering blue altar of Sif Muna.
  1706 | D:3      | Found a shadowy altar of Dithmenos.
  1708 | D:3      | Found a white marble altar of Elyvilon.
  1783 | D:3      | Noticed Ijyb
  1787 | D:3      | Reached XP level 5. HP: 27/32 MP: 5/5
  1797 | D:3      | HP: 7/32 [constriction (7)]
  1797 | D:3      | HP: 3/32 [constriction (4)]
  1798 | D:3      | Constricted to death by Ijyb

Levels and vault maps discovered:
D:1:      minmay_arrival_hallway, layout_basic,
          hellmonk_ecumenical_altar_inner_sanctum, minmay_tall_x
D:2:      layout_basic
D:3:      layout_loops_corners, kennysheep_vampire_church,
          nicolae_overflow_hidden_temple, nicolae_overflow_squiral,
          gammafunk_ghost_mausoleum, serial_shops, shop, shop, shop_statue,
          nicolae_shop_behind_doors, portal_sewer_entry_d, uniq_ijyb,
          uniq_sigmund

Skill      XL: |  1  2  3  4 |
---------------+-------------+-----
Axes           | 2 3 4 |  4.5
Fighting       | |  3.2
Armour         | |  3.2
Shields        | |  3.2

Action                   |  1- 3 |  4- 6 || total
-------------------------+-------+-------++-------
Melee: War axe           |   103 |    65 ||   168
Throw: Boomerang         |       |    11 ||    11
  Use: Scroll            |     4 |     6 ||    10
       Potion            |       |     1 ||     1
Armor: Scale mail        |    44 |    30 ||    74
Dodge: Dodged            |    45 |    28 ||    73
Block: Buckler           |    22 |    10 ||    32

Table legend:
 A = Non-vault XP
 B = Vault XP
 C = Vault XP percentage of total XP
 D = Non-vault monster count
 E = Vault monster count
 F = Vault count percentage of total count
                 A         B        C        D         E       F
            +---------+---------+-------+---------+---------+-------
      Total |     159 |       6 |   3.6 |      60 |       4 |   6.2
            +---------+---------+-------+---------+---------+-------
        D:1 |      52 |       6 |  10.3 |      28 |       4 |  12.5
        D:2 |      63 |       0 |   0.0 |      16 |       0 |   0.0
        D:3 |      44 |       0 |   0.0 |      16 |       0 |   0.0
            +---------+---------+-------+---------+---------+-------
